Map: Year Zero LE

Players

HateMe

  • Race: Zerg Zerg
  • Spawn Location: 11:00

Awers - Winner!

  • Race: Terran Terran
  • Spawn Location: 1:00

Event: 2019 WCS Spring

VOD

Have the link to the VOD?

Description

Time

  • Played on: May 17, 2019, 11:58 a.m.
  • Length: 19:09

All games in this series

Show
View Real Time Build Order
Export as new Build Order

HateMe Zerg 

Build Orders: Hatch First, Brood Lord Corruptor, Roach Hydra 

Get SALT Encoding   

  12  0:00  Drone  
  13  0:13  Overlord  
  13  0:18  Drone  
  14  0:31  Drone  
  14  0:32  Drone  
  16  0:50  Hatchery  
  16  0:53  Drone  
  16  0:57  Drone  
  16  1:00  Drone  
  18  1:12  Extractor  
  18  1:16  Spawning Pool  
  16  1:19  Drone  
  16  1:23  Drone  
  18  1:29  Drone  
  19  1:41  Drone  
  20  1:51  Overlord  
  20  2:02  Queen x2  
  20  2:03  Zergling x4  
  26  2:15  Metabolic Boost, Drone x2  
  29  2:22  Drone  
  29  2:26  Drone  
  30  2:36  Overlord  
  30  2:38  Queen  
  30  2:42  Queen  
  34  2:45  Drone  
  34  2:50  Drone  
  36  2:54  Drone x2  
  38  2:59  Overlord  
  38  3:05  Drone  
  39  3:16  Hatchery  
  38  3:22  Drone x4  
  38  3:25  Drone x2  
  44  3:29  Drone  
  44  3:31  Drone  
  46  3:37  Baneling Nest  
  46  3:38  Overlord  
  45  3:45  Queen  
  47  3:51  Queen  
  49  3:58  Zergling x8  
  49  4:01  Overlord  
  53  4:05  Drone x4  
  57  4:10  Drone  
  57  4:13  Drone  
  57  4:16  Roach Warren  
  59  4:21  Drone  
  60  4:25  Drone  
  60  4:26  Drone x5  
  60  4:28  Lair  
  66  4:32  Queen  
  66  4:36  Spore Crawler  
  67  4:42  Overlord  
  67  4:43  Drone x3  
  67  4:44  Drone  
  71  4:47  Drone  
  71  4:50  Overlord  
  71  4:51  Drone  
  73  4:59  Drone x2  
  74  5:00  Drone x4  
  74  5:04  Extractor x2  
  74  5:05  Extractor x2  
  74  5:06  Extractor  
  73  5:07  Zergling x2  
  73  5:08  Zergling x6  
  77  5:16  Overlord  
  77  5:17  Drone x2  
  77  5:19  Drone x2  
  81  5:27  Spore Crawler x2, Drone x6  
  85  5:31  Drone x4  
  85  5:33  Glial Reconstitution  
  85  5:35  Overseer  
  89  5:43  Evolution Chamber  
  89  5:44  Drone  
  89  5:46  Evolution Chamber  
  88  5:51  Roach x5  
  96  6:07  Infestation Pit  
  96  6:11  Drone x3  
  98  6:12  Zerg Missile Weapons Level 1  
  98  6:13  Zerg Ground Armor Level 1  
  98  6:16  Overlord x2  
  98  6:17  Overlord  
  98  6:25  Spore Crawler  
  97  6:27  Spore Crawler  
  97  6:28  Spore Crawler  
  97  6:30  Hatchery  
  94  6:34  Overlord x2  
  94  6:36  Drone x2  
  94  6:37  Drone  
  94  6:38  Drone x2  
  99  6:44  Infestor x3  
  99  6:45  Infestor  
  107  6:48  Overlord  
  107  7:14  Overlord x2  
  107  7:15  Drone x2  
  109  7:18  Drone x10  
  109  7:19  Overseer, Hydralisk Den  
  118  7:33  Overlord x2  
  118  7:34  Roach x2  
  122  7:41  Drone x2  
  122  7:42  Drone  
  122  7:49  Queen  
  122  7:50  Spore Crawler, Extractor, Drone x8  
  130  7:52  Grooved Spines, Extractor  
  130  7:58  Drone x2  
  131  8:00  Roach x3  
  131  8:04  Hive  
  137  8:07  Drone  
  137  8:09  Spire  
  137  8:13  Roach x7  
  151  8:24  Spore Crawler  
  146  8:44  Drone x2  
  146  8:45  Drone x4  
  150  8:48  Zerg Missile Weapons Level 2  
  150  8:49  Zerg Ground Armor Level 2  
  149  9:04  Muscular Augments  
  149  9:05  Hydralisk x5  
  149  9:06  Hydralisk x8  
  149  9:08  Overlord x3  
  175  9:14  Spine Crawler x2  
  173  9:17  Spore Crawler  
  173  9:23  Hatchery, Greater Spire  
  167  9:28  Queen  
  166  9:40  Ravager x8  
  166  9:41  Roach  
  166  9:42  Roach x7  
  161  10:00  Roach  
  161  10:01  Roach x11  
  161  10:03  Roach  
  161  10:04  Roach  
  165  10:10  Drone  
  165  10:11  Drone x5  
  171  10:16  Viper x2  
  171  10:19  Drone x2  
  179  10:28  Viper x2  
  179  10:31  Pathogen Glands  
  179  10:34  Drone x5  
  190  10:42  Overseer  
  190  10:43  Overlord  
  190  10:50  Zerg Flyer Weapons Level 1  
  190  10:56  Drone x5  
  190  10:57  Drone x5  
  190  11:03  Drone x7  
  191  11:07  Zerg Missile Weapons Level 3  
  191  11:14  Zerg Ground Armor Level 3  
  191  11:26  Extractor  
  191  11:27  Extractor  
  187  11:34  Drone x4  
  187  11:38  Spore Crawler  
  187  11:39  Spore Crawler, Spine Crawler  
  188  11:40  Spine Crawler  
  188  11:42  Spine Crawler  
  184  11:48  Drone  
  184  11:49  Drone x8  
  191  11:58  Corruptor x4  
  199  12:04  Neural Parasite  
  199  12:44  Zerg Flyer Armor Level 1  
  189  12:53  Drone x3  
  189  12:55  Drone x4  
  196  12:59  Brood Lord x2  
  198  13:32  Corruptor  
  200  14:00  Corruptor x5  
  200  14:01  Corruptor x2  
  194  14:11  Brood Lord x3  
  190  14:39  Brood Lord  
  190  14:42  Corruptor x5, Brood Lord  
  141  15:14  Hydralisk x18  
  141  15:15  Hydralisk x3  
  166  15:21  Corruptor x6  
  166  15:22  Corruptor x2  
  177  15:28  Drone  
  177  15:29  Drone x2  
  176  15:41  Drone x4  
  172  15:47  Viper x5  
  187  15:56  Drone x2  
  189  16:02  Zerg Flyer Weapons Level 2  
  189  16:04  Brood Lord x4  
  197  16:18  Extractor  
  196  16:22  Drone x3  
  199  16:29  Hatchery  
  199  16:31  Hydralisk x4  
  136  16:51  Hydralisk  
  136  16:52  Hydralisk x9  
  124  17:09  Hydralisk  
  124  17:10  Hydralisk x7  
  124  17:13  Drone x4  
  144  17:25  Brood Lord  
  146  17:30  Roach  
  146  17:31  Roach x6  
  160  17:40  Zergling x2  
  160  17:44  Roach x7  
  168  18:11  Corruptor x2  
  168  18:12  Corruptor x4  
  120  18:34  Hydralisk  
  120  18:35  Hydralisk x6  
  104  18:49  Roach x4  
Show
View Real Time Build Order
Export as new Build Order

Awers Terran - Winner!

Build Orders: Reaper Expand, Mech 

Get SALT Encoding   

  12  0:01  SCV  
  13  0:13  SCV  
  14  0:18  Supply Depot  
  14  0:25  SCV  
  15  0:40  SCV, Barracks  
  16  0:44  Refinery  
  16  0:52  SCV  
  17  1:04  SCV  
  18  1:16  SCV  
  19  1:28  Reaper  
  19  1:29  Orbital Command  
  20  1:43  Command Center  
  20  1:52  Supply Depot  
  20  1:54  SCV  
  21  2:02  Marine  
  21  2:07  SCV  
  23  2:16  Factory  
  23  2:26  SCV, Barracks Reactor  
  24  2:42  SCV  
  24  2:44  Command Center  
  25  2:53  Refinery  
  25  2:54  SCV  
  26  2:59  Orbital Command  
  26  3:06  SCV  
  27  3:15  Starport  
  27  3:19  SCV  
  28  3:20  Hellion  
  28  3:26  Hellion  
  32  3:29  SCV  
  32  3:31  SCV  
  34  3:42  SCV  
  34  3:44  Hellion  
  34  3:47  SCV, Hellion  
  40  3:52  Fusion Core  
  40  3:56  SCV  
  40  3:59  Orbital Command  
  40  4:00  SCV  
  42  4:08  SCV  
  43  4:12  SCV  
  43  4:13  Starport Tech Lab  
  43  4:17  Refinery  
  43  4:18  Refinery  
  43  4:20  SCV  
  43  4:21  Hellion  
  48  4:25  SCV x2  
  50  4:31  Supply Depot  
  50  4:32  SCV  
  50  4:37  SCV  
  50  4:41  Battlecruiser  
  50  4:43  SCV  
  50  4:44  SCV  
  58  4:49  SCV  
  59  4:54  Supply Depot  
  59  4:55  SCV  
  59  4:59  SCV  
  61  5:04  SCV  
  62  5:07  Armory, SCV  
  62  5:08  Armory  
  62  5:11  SCV  
  64  5:16  Supply Depot  
  64  5:17  SCV  
  64  5:20  Supply Depot  
  64  5:21  SCV  
  66  5:23  Factory  
  66  5:24  Factory  
  66  5:25  SCV  
  66  5:27  Barracks Tech Lab  
  67  5:29  SCV  
  67  5:34  Hellion, Orbital Command  
  67  5:35  Hellion  
  72  5:39  SCV  
  72  5:41  SCV  
  74  5:43  Supply Depot  
  74  5:51  SCV  
  74  5:54  Starport Reactor  
  74  5:56  SCV  
  76  5:59  Terran Vehicle And Ship Armor Level 1, Terran Vehicle Weapons Level 1  
  76  6:02  SCV  
  76  6:04  SCV  
  78  6:08  SCV  
  79  6:14  SCV  
  79  6:18  SCV  
  81  6:21  Siege Tank  
  81  6:24  Siege Tank  
  81  6:25  SCV, Factory, Refinery  
  88  6:27  SCV, Refinery  
  88  6:28  Factory  
  88  6:29  Liberator  
  88  6:30  Hellion  
  88  6:31  Hellion  
  93  6:39  SCV  
  94  6:41  SCV  
  94  6:44  Engineering Bay  
  98  6:48  SCV  
  98  6:52  SCV  
  98  6:53  SCV  
  101  7:00  SCV  
  96  7:02  Siege Tank x2  
  96  7:04  SCV  
  96  7:05  SCV  
  96  7:07  Command Center  
  100  7:09  Supply Depot  
  100  7:10  Supply Depot  
  100  7:11  Factory Tech Lab  
  100  7:12  Factory Reactor, Supply Depot  
  100  7:13  Liberator  
  100  7:18  SCV  
  101  7:23  Infernal Pre-Igniter  
  101  7:30  Siege Tank  
  101  7:31  Hellion  
  101  7:32  SCV x2, Hellion  
  101  7:36  Hellion x4  
  113  7:42  Siege Tank  
  116  7:46  Siege Tank  
  116  7:48  Supply Depot  
  116  7:49  Supply Depot x2  
  119  7:54  Hellion  
  119  7:55  Hellion x2  
  119  7:58  Terran Vehicle Weapons Level 2  
  125  8:08  Terran Vehicle And Ship Armor Level 2  
  125  8:10  Hellion x2  
  129  8:24  Siege Tank x2  
  129  8:25  Hellion x2  
  129  8:26  Hellion  
  141  8:31  Hellion  
  143  8:35  Command Center  
  143  8:39  Siege Tank  
  146  8:54  Hellion  
  146  8:55  Hellion x3  
  151  8:57  Refinery x2  
  151  8:58  Missile Turret  
  151  8:59  Missile Turret  
  151  9:05  Supply Depot x4  
  151  9:12  Planetary Fortress  
  151  9:13  Hellion, Siege Tank  
  156  9:23  Siege Tank  
  159  9:28  Starport  
  159  9:29  Starport  
  154  9:46  Hellion x2, Siege Tank  
  154  9:47  Hellion x2, Siege Tank  
  154  9:49  Viking x2  
  143  10:00  Hellion  
  143  10:02  Hellion x2  
  143  10:03  Hellion x4  
  120  10:07  Hellion  
  120  10:08  Hellion x2  
  120  10:09  Orbital Command  
  120  10:13  Starport  
  115  10:15  Starport, Starport Tech Lab  
  115  10:16  Starport Reactor, Starport Tech Lab  
  115  10:21  Siege Tank  
  115  10:22  Sensor Tower, Siege Tank x2  
  115  10:26  Terran Vehicle Weapons Level 3  
  115  10:27  Liberator  
  124  10:31  Terran Vehicle And Ship Armor Level 3  
  124  10:38  Advanced Ballistics  
  127  10:51  Hellion x2  
  127  10:52  Liberator  
  125  10:58  Hellion, Siege Tank x2  
  125  10:59  Hellion  
  135  11:04  Starport Tech Lab  
  135  11:05  Starport Tech Lab  
  135  11:06  Siege Tank  
  135  11:08  Hellion x2  
  135  11:13  Liberator  
  135  11:14  Liberator  
  135  11:18  Viking x2  
  137  11:20  Hellion  
  141  11:28  Command Center  
  141  11:29  Command Center  
  147  11:33  Liberator x2  
  147  11:35  Hellion x4  
  147  11:36  Hellion  
  147  11:38  Liberator  
  157  11:40  Smart Servos  
  152  12:06  Thor  
  152  12:07  Liberator  
  158  12:17  Hellion x9  
  158  12:18  Thor  
  158  12:21  Command Center  
  173  12:37  Liberator x2  
  170  12:45  Orbital Command  
  161  12:53  Thor  
  173  13:01  Siege Tank  
  173  13:02  Viking x3, Hellion x2, Refinery  
  180  13:06  Refinery  
  180  13:07  Liberator x2  
  178  13:17  Hellion x2  
  173  13:22  Sensor Tower  
  173  13:23  Hellion  
  173  13:25  Hellion  
  180  13:29  Planetary Fortress  
  180  13:36  Missile Turret  
  177  13:41  Missile Turret, Sensor Tower  
  177  13:46  Orbital Command  
  177  13:55  Thor x2  
  189  13:57  Liberator x2  
  189  14:00  Terran Ship Weapons Level 1  
  188  14:08  Refinery  
  188  14:10  Refinery  
  194  14:23  Command Center  
  194  14:30  Viking x3  
  200  14:34  Hellion x2  
  198  15:02  Thor  
  198  15:03  Viking  
  194  15:11  Viking  
  194  15:13  Viking x2, Hellion, Siege Tank  
  176  15:20  Viking x3  
  171  15:21  Hellion x3  
  167  15:33  Viking  
  166  15:36  Hellion  
  166  15:37  Hellion  
  166  15:41  Viking  
  166  15:42  Liberator  
  163  15:43  Viking  
  163  15:45  Siege Tank  
  163  15:47  Thor  
  174  15:56  Refinery  
  174  15:58  Viking x2, Raven  
  174  15:59  Refinery  
  183  16:16  Viking x2  
  187  16:21  Planetary Fortress  
  187  16:26  Missile Turret  
  170  16:34  Viking  
  170  16:37  Thor x2  
  154  16:47  Viking x2  
  154  16:50  Thor  
  154  16:51  Viking  
  152  16:54  Hellion  
  152  16:57  Viking  
  152  16:59  Viking  
  152  17:11  Viking x2  
  152  17:13  Hellion x3  
  159  17:20  Viking x2  
  163  17:28  Viking  
  165  17:36  Orbital Command  
  165  17:38  Hellion, Siege Tank  
  165  17:39  Hellion x2  
  150  17:44  Viking x3  
  171  17:45  Hellion x2, Siege Tank  
  184  17:56  Viking x2  
  180  18:07  Viking  
  180  18:12  Hellion x2, Thor, Siege Tank  
  181  18:13  Hellion  
  181  18:17  Siege Tank  
  176  18:30  Hellion  
  176  18:34  Hellion x3  
  153  18:38  Viking  
  136  18:44  Hellion  
Tags
 
Add a new tag
Caveats
  • Supply blocks, unpowered buildings, or Contaminate may cause inaccurate times.
  • Supply counts are checked every 10 seconds.